[Event "FRA-ch Teams Top 16-Bas 2022"]
[Site "Chartres"]
[Date "2022.06.19"]
[Round "11.22"]
[White "Migot, Tangi"]
[Black "Jaouen, Valentin"]
[Result "1-0"]
[ECO "C07"]
[WhiteElo "2353"]
[BlackElo "2121"]
[Annotator "TA"]
[PlyCount "53"]
[EventDate "2022.06.16"]
[EventType "team-tourn"]
[EventCountry "FRA"]
[SourceTitle "playchess.com"]
[Source "ChessBase"]
[SourceQuality "1"]
[TimeControl "40/5400+30:1800+30"]

1. e4 e6 2. d4 d5 3. Nd2 c5 4. Ngf3 Nc6 5. exd5 Qxd5 6. Bc4 Qd8 7. dxc5 $1 {[%emt 0:01:03][%mdl 4] now scores much better than the old 7.Nb3. C07: French Tarrasch: 3...c5, 4 Ngf3 and 4 exd5 Qxd5.} Bxc5 8. Qe2 Qc7 {[%emt 0:04:47] [#]} 9. Ne4 $146 {[%emt 0:06:25] White is slightly better.} ({Predecessor:} 9. c3 Nf6 10. O-O a6 11. a4 O-O 12. Ne4 Nxe4 13. Qxe4 Ne7 14. Ng5 Ng6 15. Re1 {1-0 (33) Nielsen,M (1942)-Larsen,H (1714) Helsingor 2015}) 9... Be7 10. Bg5 Bxg5 11. Nfxg5 Nf6 {[%emt 0:02:09] [#]} (11... h6 $1 $11 12. Nf3 Nge7) 12. Nxf6+ $1 $16 gxf6 13. Ne4 $36 {[%emt 0:00:14][%mdl 2048] White is really pushing.} f5 14. Nf6+ Kf8 {[%emt 0:00:05] White must now prevent ...Nd4.} 15. O-O-O {[%emt 0:01:11] 0x0.00207b1bd6c4dp-1022s more active pieces. The black rooks are badly placed.} h5 (15... Qf4+ $16 16. Kb1 Qg5) 16. Nxh5 (16. Qe3 $18 {has better winning chances.}) 16... Rxh5 17. Qxh5 $18 Qf4+ 18. Rd2 {[%emt 0:00:11] Threatens to win with Qh8+.} Qxc4 (18... Kg7 $142 19. Bb5 Ne5) 19. Rhd1 {[%emt 0:01:07][%cal Od2d8] White threatens Rd8+! and mate.} Qf4 20. g3 Qc7 21. Qg5 Ke8 22. h4 e5 23. h5 {[%emt 0:04:52] Intending h6 and mate.} Be6 24. Qg8+ {[%emt 0:03:52][%mdl 64] [#] Skewer} Ke7 25. Qxa8 {[%emt 0:00:09] White wants to mate with h6.} Bc8 26. h6 Kf8 27. Rd7 {[%emt 0:00:28] Weighted Error Value: White=0.10 (very precise) /Black=1.26} 1-0

[Event "FRA-ch Teams Top 16-Bas 2022"]
[Site "Chartres"]
[Date "2022.06.19"]
[Round "11.23"]
[White "Prodhomme, Boris"]
[Black "Pucher, Sebastien"]
[Result "0-1"]
[ECO "A40"]
[WhiteElo "2045"]
[BlackElo "2300"]
[Annotator "TA"]
[PlyCount "94"]
[EventDate "2022.06.16"]
[EventType "team-tourn"]
[EventCountry "FRA"]
[SourceTitle "playchess.com"]
[Source "ChessBase"]
[SourceQuality "1"]
[TimeControl "40/5400+30:1800+30"]

1. d4 g6 2. c4 Bg7 3. e4 Nc6 4. d5 Nd4 5. Ne2 e5 6. Nxd4 {[%emt 0:01:46] A40: Unusual replies to 1 d4.} exd4 7. Bd3 d6 8. O-O {[%emt 0:01:55] White is slightly better.} Nf6 9. h3 (9. Bg5 {keeps more tension.} h6 10. Bxf6 Qxf6 11. Nd2) 9... O-O 10. Nd2 c6 {[%emt 0:04:13] [#]} 11. b4 $146 ({Predecessor:} 11. Nf3 Qb6 12. Bf4 Re8 13. Qc2 c5 14. Rab1 a5 15. b3 Nd7 16. a3 Ne5 17. Nxe5 dxe5 {1-0 (39) Argiroudis,S (2312)-Hadzimanolis,A (2232) Achaia 2016}) 11... a5 12. bxa5 Qxa5 13. Nb3 Qb6 14. a4 Re8 15. Re1 Nd7 16. a5 Qc7 17. Bf4 c5 18. Bh2 Ne5 19. f4 Nxd3 20. Qxd3 Bd7 21. g4 (21. f5 $11) 21... b6 (21... b5 $5 22. axb6 Qxb6 $15) 22. axb6 (22. a6 b5 23. e5 Qb6 $17) (22. e5 $11) 22... Qxb6 $15 23. e5 $2 (23. f5 $15) 23... Rxa1 $19 24. Nxa1 Qa5 25. Nc2 h5 $2 (25... Ba4 $17 {Strongly threatening ...Bxc2.} 26. Bg3 dxe5 27. fxe5 Qc3 28. Qxc3 dxc3) 26. e6 $1 $11 Ba4 {[%emt 0:00:19] [#] And now ...Bxc2 would win.} 27. exf7+ Kxf7 28. Rxe8 Bxe8 {[%emt 0:00:08] This bishop pair is nice.} 29. f5 hxg4 (29... gxf5 $11 {keeps the balance.} 30. Qe2 (30. Bxd6 Qb6 $11) (30. Qxf5+ Kg8 $11) (30. gxh5 Bd7 $11) (30. gxf5 Qd8 $15) 30... Bd7) 30. fxg6+ Kf6 $2 (30... Kg8 $16) 31. Bxd6 $2 (31. Qe4 $18 {Qe6+ would kill now.} Bd7 32. Qf4+ Kxg6 33. Qxd6+ Bf6 34. Qxd7) 31... Qb6 {[%emt 0:00:28] Dancing on a razor blade.} 32. Qf1+ ({Wrong is} 32. hxg4 $2 Qxd6 33. Qf3+ Ke7 $19) (32. Qg3 $5 Bd7 33. hxg4 Kxg6 34. Ne1 $16 (34. Qd3+ Kf7 $11)) 32... Kxg6 33. Qd3+ {[%emt 0:00:28] [#]} (33. Bf4 $11) 33... Kf7 $1 $17 34. Qf5+ Kg8 35. Bg3 (35. Bf4 $17) 35... Bg6 $19 36. Qc8+ Kh7 37. Ne1 (37. Qxg4 $142 Bxc2 38. d6) 37... d3 38. Bf4 Qb1 (38... Qb2 $142 {( -> ...Bd4+)} 39. Qc7 g3 40. Bxg3 d2) 39. Qe6 Qd1 {[%emt 0:01:06] White must now prevent ...d2.} 40. Qe7 $2 (40. hxg4 d2 41. Bxd2 Qxd2 42. Nf3) 40... d2 41. Bxd2 Qxd2 42. d6 Qd4+ (42... gxh3 $142 43. Qh4+ Kg8) 43. Kg2 Be4+ 44. Kf1 Qxc4+ 45. Kf2 Qd4+ 46. Ke2 Bf5 47. h4 g3 {[%emt 0:01:41] Quite a comeback for Black.  Weighted Error Value: White=1.26/Black=0.58} 0-1

[Event "FRA-ch Teams Top 16-Bas 2022"]
[Site "Chartres"]
[Date "2022.06.19"]
[Round "11.24"]
[White "Schippke, Manon"]
[Black "Ruhlmann, Helene"]
[Result "1-0"]
[ECO "B90"]
[WhiteElo "2072"]
[BlackElo "1779"]
[Annotator "NA RC"]
[PlyCount "83"]
[EventDate "2022.06.16"]
[EventType "team-tourn"]
[EventCountry "FRA"]
[SourceTitle "playchess.com"]
[Source "ChessBase"]
[SourceQuality "1"]
[TimeControl "40/5400+30:1800+30"]

1. e4 c5 2. Nf3 d6 3. d4 cxd4 4. Nxd4 Nf6 5. Nc3 a6 6. Be3 e5 7. Nb3 Be6 8. f3 h5 9. Nd5 Bxd5 10. exd5 Nbd7 11. Qd2 g6 12. O-O-O Bg7 13. h4 Rc8 14. Kb1 Nb6 15. Qa5 Nfd7 16. Qb4 Qc7 17. c3 Bh6 18. Bxh6 Rxh6 19. g4 Kf8 20. Be2 Re8 21. f4 hxg4 22. fxe5 Rxe5 23. Qf4 Rh7 24. Bxg4 Nxd5 25. Qd4 N7f6 26. Bf3 Rf5 27. Bxd5 Nxd5 28. c4 Nb6 29. Rc1 Nd7 30. Rhd1 Nc5 31. Nxc5 dxc5 32. Qe3 Qe7 33. Qc3 Rxh4 34. Re1 Qf6 35. Qb3 Rf2 36. Ka1 Rhh2 37. Rb1 b6 38. a4 g5 39. a5 bxa5 40. Qb8+ Kg7 41. Re8 Rh7 42. Rg8+ 1-0

[Event "FRA-ch Teams Top 16-Bas 2022"]
[Site "Chartres"]
[Date "2022.06.19"]
[Round "11.25"]
[White "Le Hetet, Nicolas"]
[Black "Ramirez Garcia, Jorge Alberto"]
[Result "1/2-1/2"]
[ECO "C47"]
[WhiteElo "2372"]
[BlackElo "2242"]
[Annotator "TA"]
[PlyCount "115"]
[EventDate "2022.06.16"]
[EventType "team-tourn"]
[EventCountry "FRA"]
[SourceTitle "playchess.com"]
[Source "ChessBase"]
[SourceQuality "1"]
[TimeControl "40/5400+30:1800+30"]

1. e4 e5 2. Nf3 Nc6 3. d4 exd4 4. Nxd4 Nf6 5. Nxc6 bxc6 6. Nc3 Bb4 7. Bd3 O-O 8. O-O Re8 9. Bg5 {[%emt 0:04:04] The main line 9.Bg5 scores better than 9.Qf3.} Rb8 {[%emt 0:00:05] C47: Scotch Four Knights and Four Knights with 4 g3.} 10. Qf3 Bd6 11. Rab1 Be5 {[%emt 0:01:35] [#]} 12. Na4 $146 ({Predecessor:} 12. Bf4 Qe7 13. Bxe5 Qxe5 14. Qg3 Qxg3 15. hxg3 d6 16. f3 h5 17. b4 Nd7 18. b5 {½-½ (33) Mastrovasilis,D (2594)-Navara,D (2724) Katowice 2019}) 12... Rb4 (12... d6 $11) 13. b3 $14 d5 14. Rfe1 h6 15. Bxf6 Bxf6 16. h3 Qe7 17. c3 dxe4 18. Qh5 $1 g6 19. Qa5 Rb8 (19... Qd8 $1 $14 20. Bf1 (20. cxb4 exd3 21. Rxe8+ Qxe8 $11) 20... Rb8) 20. Rxe4 $16 Qd8 21. Rxe8+ (21. Qxa7 Rxe4 22. Bxe4 Rb5) 21... Qxe8 22. Qxc7 ({Better is} 22. Qxa7 $16 Bd7 23. Qxc7) 22... Rb7 $14 23. Qg3 Re7 24. Qf3 Kg7 25. Kh2 Re1 26. Rxe1 Qxe1 27. Be4 Be5+ {[%emt 0:02:11] This bishop pair is nice.} 28. g3 Qf1 {[%emt 0:00:37] [#]} (28... h5 $11) 29. Qg2 (29. h4 $1 $16) 29... Qa1 30. Bxc6 (30. f4 $5 Bxc3 31. Nxc3 (31. Bxc6 Bd4 $17) 31... Qxc3 32. Bxc6 $14) 30... Qxa2 31. f4 (31. Qf3 {feels hotter.} Qd2 32. Kg2 Bf5 33. Bd5) 31... Qxg2+ 32. Kxg2 $11 {[%emt 0:00:06][%mdl 4096] Endgame KBB-KBN} Bd6 33. h4 Bg4 34. Bd5 f6 35. Kf2 g5 36. Ke3 gxh4 37. gxh4 Kg6 38. c4 Kh5 ({Don't play} 38... Kf5 39. Be4+ Ke6 40. Bd5+ Kd7 41. c5 $16) 39. c5 Bb8 40. Nc3 Kxh4 41. Bh1 (41. Bc4 $14) 41... f5 ({Black should play} 41... h5 $11) 42. c6 $14 {[%emt 0:02:57] Threatens to win with b4.} Kg3 43. Nd5 {[%emt 0:01:40] And now b4 would win.} Bh3 $2 (43... a5 $14) 44. c7 $18 Bxc7 45. Nxc7 h5 46. Ne6 h4 47. Nd4 Bg4 48. Nf3 $2 (48. b4) 48... a5 {[%emt 0:00:28] [#]} 49. Nd2 $1 {[%emt 0:00:28] Intending Nf1+ and mate.} Bh3 {[%emt 0:01:20] Inhibits Nf1+.} 50. Bd5 {[%emt 0:00:53] aiming for Be6.} Bg2 51. Bxg2 (51. Be6 $5 Kg4 52. Bc4 $16) 51... Kxg2 $14 {[%emt 0:00:03] KN-K3P. The position is equal.} 52. Nf3 h3 53. Nh4+ Kf1 {[%emt 0:06:08] ( -> ...h2)} 54. Nxf5 h2 {[%emt 0:00:10] ...Kg2 is the strong threat.} 55. Ng3+ $1 Kg2 56. Nh1 {[%emt 0:00:54] White wants to mate with Nf2.} Kxh1 57. Kf2 a4 58. bxa4 {[%emt 0:01:35] Black defended with fortune.  Weighted Error Value: White=0.21 (precise) /Black=0.17 (very precise)} 1/2-1/2

[Event "FRA-ch Teams Top 16-Bas 2022"]
[Site "Chartres"]
[Date "2022.06.19"]
[Round "11.26"]
[White "Sohier, Julien"]
[Black "Ternault, Mathieu"]
[Result "0-1"]
[ECO "C02"]
[WhiteElo "2218"]
[BlackElo "2367"]
[Annotator "TA"]
[PlyCount "80"]
[EventDate "2022.06.16"]
[EventType "team-tourn"]
[EventCountry "FRA"]
[SourceTitle "playchess.com"]
[Source "ChessBase"]
[SourceQuality "1"]
[TimeControl "40/5400+30:1800+30"]

1. e4 e6 2. d4 d5 3. e5 c5 4. c3 Nc6 5. Nf3 Bd7 6. Be2 Rc8 7. O-O {[%emt 0:02:29] C02: French: Advance Variation.} h6 8. Na3 cxd4 9. cxd4 {[%emt 0:00:07] The position is equal.} Bxa3 10. bxa3 Nge7 11. Rb1 Na5 {[%emt 0:09:18] [#]} 12. Bd3 $146 ({Predecessor:} 12. Qd2 O-O 13. Bd1 b6 14. Re1 Qe8 15. Qf4 Ba4 16. Bb3 Bxb3 17. axb3 Rc3 18. Bd2 {0-1 (32) Henriquez Villagra,C (2600)-Agdestein,S (2558) Chess.com INT 2020}) 12... Bc6 13. Nh4 g5 14. Nf3 Qd7 15. Re1 (15. Qe1 $16 Nc4 16. h4) 15... Ng6 16. g3 g4 ({Black should play} 16... Nc4 $14) 17. Nd2 $16 h5 18. Nb3 Nc4 19. Bg5 b6 {[%emt 0:01:03] Prevents Nc5.} 20. Bf6 {[%emt 0:00:14] And now Bxg6 would win.} Rg8 (20... Rh7 $16) 21. Qc1 $1 $18 Bb5 {[%emt 0:05:07][%cal Oc4a3] [#]} 22. a4 Bxa4 23. Qh6 Nf8 24. Bh7 Nxh7 25. Qxh7 Kf8 26. Qxh5 Qc6 (26... Ke8 {was worth a try.} 27. Qh7 Kf8) 27. f3 (27. Qh7 Qd7 28. Rbc1 Qb7 $18) 27... Ke8 28. Rbc1 (28. fxg4 Bxb3 29. Qh7 (29. axb3 Nd2 $14) 29... Rxg4 30. axb3 Nd2 $14) 28... Qb7 $2 (28... gxf3 {is a better defense.} 29. Qh7 (29. Qxf3 Qb5 $16) 29... Rf8) 29. fxg4 Bxb3 30. axb3 Nd2 31. Kh1 $2 (31. Qh7 $18 Rg6 32. Red1 (32. Qh8+ Kd7 $18)) 31... Ne4 $2 (31... Nxb3 $16 {was necessary.} 32. Qh7 Rxg4) 32. Qh7 Rf8 33. Bg7 (33. Rf1 $18 {has better winning chances.}) 33... Qa6 $2 34. Rxc8+ Qxc8 35. Bxf8 Qc2 {[%emt 0:00:01] [#]} 36. Qh6 $2 ({Stronger than} 36. Qg8 Qf2 37. Bd6+ Kd7 $11) (36. Qh4 $1 $18 {[%csl Gf8][%cal Rh4e7] and White stays clearly on top.} Kxf8 37. Rf1) 36... Nf2+ $16 37. Kg1 Nxg4 {[%emt 0:00:02] aiming for ...Qf2+.} 38. Qf4 {[%emt 0:02:00] Against Qf2+} Qxh2+ 39. Kf1 Qh1+ 40. Ke2 Qg2+ {[%emt 0:00:30][%mdl 32768] Weighted Error Value: White=0.61/Black=0.56. Loss on time!?} 0-1

[Event "FRA-ch Teams Top 16-Bas 2022"]
[Site "Chartres"]
[Date "2022.06.19"]
[Round "11.27"]
[White "Kirk, Ezra"]
[Black "Baillon, Olivier"]
[Result "0-1"]
[ECO "B52"]
[WhiteElo "2446"]
[BlackElo "2197"]
[Annotator "TA"]
[PlyCount "78"]
[EventDate "2022.06.16"]
[EventType "team-tourn"]
[EventCountry "FRA"]
[SourceTitle "playchess.com"]
[Source "ChessBase"]
[SourceQuality "1"]
[TimeControl "40/5400+30:1800+30"]

1. e4 c5 2. Nf3 d6 3. Bb5+ Bd7 4. c4 Nf6 5. Nc3 g6 6. d4 cxd4 7. Nxd4 Bg7 8. Be3 O-O 9. Bxd7 Nbxd7 10. O-O Qa5 {[%emt 0:02:39] B52: Sicilian: Moscow Variation with 3...Bd7.} 11. Rc1 Rfc8 12. b3 a6 {[%emt 0:00:35][%cal Ob7b5] White has an edge.} 13. a4 {[%emt 0:01:23] [#]} e6 $146 ({Predecessor:} 13... Ne5 14. f3 Nc6 15. Nde2 Nd7 16. Nd5 e6 17. Ndc3 Nc5 18. Na2 b5 19. cxb5 axb5 20. Qxd6 {0-1 (33) Fuksik,J (2255)-Zabystrzan,P (2300) Czech Republic 1997}) 14. Nde2 Nc5 15. Qc2 Qb4 16. Rb1 b5 17. Na2 (17. axb5 $11 axb5 18. Nxb5 Ncxe4 19. Rfc1) 17... Qa5 $17 {[%emt 0:00:24] Strongly threatening ...bxc4. White is on the road to losing.} 18. Bxc5 dxc5 (18... Rxc5 $2 19. b4 Rxc4 20. Qxc4 (20. bxa5 $2 {perishes.} Rxc2 21. Nac3 bxa4 $19) 20... bxc4 21. bxa5 $18) 19. Nac3 {[%emt 0:00:53] [#]} ({White should play} 19. h3) 19... bxc4 $1 20. bxc4 Ng4 21. h3 Ne5 22. Na2 (22. Qa2 $17) 22... Nc6 23. Nec1 (23. f4 $17) 23... Nb4 24. Nxb4 cxb4 25. Nd3 Rab8 26. Qb3 Qc7 27. c5 a5 28. Rbc1 Qc6 29. f3 (29. Rc4 $142) 29... Bc3 30. Rxc3 bxc3 31. Qxc3 (31. Qc4) 31... Qxa4 $19 {[%emt 0:00:32] [#] Threatens to win with ...Rb3.} 32. Qf6 Rb7 33. Rc1 Qa3 34. Rc3 (34. Qd4) 34... Qa1+ {[%emt 0:04:21] Black is clearly winning.} 35. Kh2 Rd7 {[%emt 0:00:32] aiming for ...Rxd3.} ({Less strong is} 35... Rb3 36. Ne5 Rb7 37. Ng4 $16) 36. Ne5 Qxc3 37. Nxd7 Qxf6 38. Nxf6+ Kf8 39. Nd7+ Ke7 {[%emt 0:00:08] Weighted Error Value: White=0.63/Black=0.08 (flawless)} 0-1

[Event "FRA-ch Teams Top 16-Bas 2022"]
[Site "Chartres"]
[Date "2022.06.19"]
[Round "11.28"]
[White "Solakian-Van Eyll, Jerome"]
[Black "Fantinel, Thibault"]
[Result "0-1"]
[ECO "A45"]
[WhiteElo "2248"]
[BlackElo "2388"]
[Annotator "TA"]
[PlyCount "70"]
[EventDate "2022.06.16"]
[EventType "team-tourn"]
[EventCountry "FRA"]
[SourceTitle "playchess.com"]
[Source "ChessBase"]
[SourceQuality "1"]
[TimeControl "40/5400+30:1800+30"]

1. d4 Nf6 2. Bf4 g6 3. Nc3 d5 4. e3 Bg7 5. Nb5 Na6 6. Nf3 {[%emt 0:03:21] A45: Trompowsky Attack.} O-O {[%emt 0:00:16] The main line 6...0-0 scores better than 6...c6.} 7. h3 Ne4 8. Nd2 {[%emt 0:02:58] The position is equal.} c6 9. Nxe4 dxe4 10. Nc3 c5 {[%emt 0:00:05][%cal Rc5d4] [#]} 11. Nxe4 $146 ({Predecessor:} 11. d5 Qb6 12. Rb1 Rd8 13. Nxe4 Qa5+ 14. Nd2 Rxd5 15. e4 Rd8 16. Bc4 e6 17. Bg5 {0-1 (37) Almeida Quintana,O (2539)-Espinosa Veloz,E (2486) Villa Clara 2020}) 11... cxd4 12. exd4 Nb4 (12... Qd5 $11 13. Ng3 Qxd4 14. Qxd4 Bxd4) 13. c3 $14 Bf5 14. Qe2 (14. cxb4 Bxe4 15. f3 Bf5 $17) (14. f3 $14 Nd5 15. Bg5) 14... Nd5 $11 15. Bh2 Qa5 16. Nd2 {[%emt 0:05:51] [#]} Nxc3 $1 17. bxc3 Rac8 {[%emt 0:00:14] Strongly threatening ...Rfd8.} (17... Qxc3 $5 18. Rd1 Rac8 $11) 18. Nb3 (18. Qxe7 $2 Qxc3 19. Rd1 Rfe8 20. Qxe8+ Rxe8+ 21. Be2 Bd3 $19) 18... Qxc3+ 19. Qd2 {[%emt 0:00:03] [#] aiming for Qxc3.} Bxd4 {[%emt 0:00:53][%mdl 64] Pin} 20. Rc1 {[%emt 0:09:55] [#]} Rfd8 $1 {[%emt 0:00:24][%cal Od4f2] Hoping for ...Bxf2+!} 21. Qxc3 ({Don't play} 21. Rxc3 Bxc3 22. Qxc3 Rxc3 $17) (21. Be2 Qxd2+) 21... Bxc3+ 22. Ke2 a5 {[%emt 0:07:32][%cal Ba7a5,Ba5a4][%mdl 1056] Threatens to win with ...a4. Black has strong compensation. 0x0.001763584284dp-1022s more active pieces.} 23. Bf4 ({Avoid the trap} 23. Kf3 $2 a4 24. Bf4 (24. Na1 $2 e5 $19) 24... axb3 25. axb3 e5 $19) 23... a4 $36 {[%emt 0:13:30][%mdl 2048] White is under strong pressure.} 24. Nd2 e5 25. Be3 Be6 26. Nb1 {[%emt 0:02:48] [#] This costs White the game.} (26. Bg5 $17 {keeps fighting.} Bb4 27. Rxc8 Rxc8 28. g4) 26... Bb2 $1 $19 27. Rxc8 Rxc8 28. a3 Ba2 29. Nd2 Bxa3 {[%emt 0:00:15] ...Bb2 is the strong threat.} 30. Kf3 $2 (30. g4 {was worth a try.} Bd5 31. Rg1) 30... Bb2 31. Bd3 a3 32. Ke2 Bd5 {[%emt 0:01:25] White must now prevent ...a2.} 33. Ne4 Bxe4 34. Bxe4 a2 {[%emt 0:00:09] Inhibits Bb1.} 35. Bxb7 $2 {[%emt 0:00:18] [#]} (35. Bd5 a1=Q 36. Rxa1 Bxa1 37. Bxb7) 35... Rc1 $3 {[%emt 0:01:16][%mdl 576] Promotion.  Weighted Error Value: White=0.40/Black=0.05 (flawless)} 0-1

[Event "FRA-ch Teams Top 16-Bas 2022"]
[Site "Chartres"]
[Date "2022.06.19"]
[Round "11.29"]
[White "Domenech, Vianney"]
[Black "Iglesias, Yosha"]
[Result "1/2-1/2"]
[ECO "D02"]
[WhiteElo "2266"]
[BlackElo "2202"]
[Annotator "NA RC"]
[PlyCount "28"]
[EventDate "2022.06.16"]
[EventType "team-tourn"]
[EventCountry "FRA"]
[SourceTitle "playchess.com"]
[Source "ChessBase"]
[SourceQuality "1"]
[TimeControl "40/5400+30:1800+30"]

1. d4 d5 2. Nf3 e6 3. Bf4 Nf6 4. Nbd2 c5 5. e3 Bd6 6. Bg3 O-O 7. c3 Qc7 8. Bd3 Nbd7 9. e4 e5 10. O-O exd4 11. cxd4 Bxg3 12. hxg3 dxe4 13. Nxe4 Nxe4 14. Bxe4 Nf6 1/2-1/2

[Event "FRA-ch Teams Top 16-Bas 2022"]
[Site "Chartres"]
[Date "2022.06.19"]
[Round "11.30"]
[White "Lemonnier, Remi"]
[Black "Boukhris-Ferre, Yacine"]
[Result "0-1"]
[ECO "C54"]
[WhiteElo "2033"]
[BlackElo "2183"]
[Annotator "TA"]
[PlyCount "119"]
[EventDate "2022.06.16"]
[EventType "team-tourn"]
[EventCountry "FRA"]
[SourceTitle "playchess.com"]
[Source "ChessBase"]
[SourceQuality "1"]
[TimeControl "40/5400+30:1800+30"]

1. e4 e5 2. Nf3 Nc6 3. Bc4 Nf6 4. d3 Bc5 5. c3 a6 6. Bb3 Ba7 7. h3 d6 8. Nbd2 h6 {[%emt 0:00:48] C54: Giuoco Piano: 4 c3 Nf6, main lines with 5 d4 and 5 d3.} 9. Nf1 (9. O-O {seems wilder.} O-O 10. Re1 Re8 11. Nf1) 9... Be6 10. Bc2 d5 {[%emt 0:03:57] The position is equal.} 11. Qe2 Qd6 12. Ng3 O-O-O 13. O-O g5 14. Nh2 {[%emt 0:06:40] [#] Against g4} Ne7 $146 ({Predecessor:} 14... d4 15. Qf3 Nd7 16. Nf5 Bxf5 17. Qxf5 Ne7 18. Qf3 Rdg8 19. Bb3 Rg7 20. cxd4 Bxd4 {0-1 (34) Mortazavi,A (2333)-Costachi,M (2471) Chess.com INT 2020}) 15. b4 (15. Be3 $15 Bxe3 16. fxe3) 15... Ng6 $17 {[%emt 0:01:27] Black is more active.} 16. Rb1 (16. Bb3 $17 {might work better.}) 16... Nf4 $19 17. Bxf4 gxf4 18. Nh5 Nxh5 19. Qxh5 Rdg8 20. Kh1 (20. Nf3 $17) 20... Rg5 $1 21. Qf3 h5 22. d4 {[%emt 0:21:48] [#]} Bg4 $1 23. Qd3 (23. Nxg4 $2 hxg4 24. Qe2 gxh3 $19) 23... dxe4 24. Qxe4 Bf5 ({Better is} 24... exd4 25. cxd4 (25. hxg4 $2 hxg4 26. Rfe1 f3 $19) 25... Bf5) 25. Qe2 $17 Bxc2 26. Qxc2 Rhg8 (26... exd4 $17 {And now ...d3 would win.} 27. Nf3 d3) 27. Rg1 (27. Nf3 $11 Rxg2 28. Qf5+ Kb8 29. Rg1 Rxg1+ 30. Rxg1 Rxg1+ 31. Kxg1 exd4 32. Qxf7) 27... Qe6 28. Qe4 (28. h4 $15 Qg6 29. Qxg6 R5xg6 30. Nf3) 28... exd4 (28... Qxa2 29. Nf3 R5g7 30. Nxe5 Qxf2 31. Rbe1 $14 (31. Qd5 Qc2 $11)) 29. Qxe6+ fxe6 30. Nf3 {[%emt 0:00:00] [#]} Rd5 (30... dxc3 $1 $17 31. Nxg5 Rxg5) 31. c4 $15 Rf5 32. c5 Rd5 33. Rge1 b6 34. Rxe6 bxc5 {[%emt 0:00:00] Strongly threatening ...c4.} 35. Rxa6 Kb7 36. Ra5 Bb6 $36 {[%emt 0:03:03][%mdl 2048] Black has some pressure.} 37. bxc5 Kc6 {[%emt 0:00:09] [#]} (37... d3 $11) 38. cxb6 $1 Rxa5 $18 {[%emt 0:00:03][%mdl 4096] Endgame KRR-KRN} 39. b7 (39. Nxd4+ $11 Kb7 40. bxc7+ Kxc7 41. Ne6+ Kc6 42. Nxf4) 39... Rb8 $17 {[%emt 0:03:53] aiming for ...Kd5.} 40. Nxd4+ Kd5 41. Ne2 f3 42. gxf3 c5 43. Rb6 {[%emt 0:06:48] [#]} ({White should try} 43. Nc3+ Kc6 44. Rg1) 43... Kc4 $1 44. Ng3 Rb5 ({But not} 44... Ra7 $6 45. Ne4 $11) 45. Rh6 (45. Rxb5 $2 Kxb5 46. Kg2 c4 $19) (45. Re6 $17) 45... R8xb7 $19 ({Not} 45... R5xb7 46. Rxh5 Ra8 47. Ne4 $17) 46. Rxh5 {[%emt 0:00:20] [#]} Kd4 (46... Kb4 $1 $19 {Threatens to win with ...c4.} 47. Rh4+ c4) 47. Nf5+ $15 Kd3 {[%emt 0:00:15][%mdl 1024] Hoping for ...c4. Black has strong compensation.} 48. Rh4 (48. Nd6 $17 {was the crucial defense.} Rb1+ 49. Kh2) 48... c4 $19 49. Rd4+ Kc3 50. Rf4 Rd7 {[%emt 0:03:38] Prevents Nd6.} ({Stronger than} 50... Rf7 51. Rxc4+ Kxc4 52. Nd6+ Kd3 53. Nxf7 $11) 51. Kg2 (51. Ng3 $142) 51... Kd3 {[%emt 0:00:43] White must now prevent ...c3.} 52. a4 (52. Ne3 $142 Rc5 53. Kg3) 52... Rc5 53. Ne3 c3 {[%emt 0:00:17] ...Re7 is the strong threat.} 54. h4 (54. Re4 $142 Rg7+ 55. Kf1) 54... Re7 {[%emt 0:01:10] ( -> ...Rxe3)} 55. Re4 Rxe4 {[%emt 0:01:21] Black mates.} 56. fxe4 Kxe4 57. Nc2 Kd3 58. Ne1+ Ke2 59. Nc2 Kd2 60. Ne3 {[%emt 0:01:02] Weighted Error Value: White=0.53/Black=0.21 (precise)} 0-1

[Event "FRA-ch Teams Top 16-Bas 2022"]
[Site "Chartres"]
[Date "2022.06.19"]
[Round "11.31"]
[White "Roubert, Emile"]
[Black "Mendeiros, Jerome"]
[Result "1/2-1/2"]
[ECO "B10"]
[WhiteElo "2027"]
[BlackElo "2097"]
[Annotator "NA RC"]
[PlyCount "147"]
[EventDate "2022.06.16"]
[EventType "team-tourn"]
[EventCountry "FRA"]
[SourceTitle "playchess.com"]
[Source "ChessBase"]
[SourceQuality "1"]
[TimeControl "40/5400+30:1800+30"]

1. e4 c6 2. c4 d5 3. cxd5 cxd5 4. exd5 Nf6 5. Nc3 Nxd5 6. Nf3 Nc6 7. Bb5 g6 8. O-O Bg7 9. Qa4 Qd6 10. Re1 Bd7 11. Qh4 O-O 12. d4 Nf6 13. a3 Bg4 14. Ne5 Be6 15. Bf4 Qxd4 16. Nxc6 bxc6 17. Bxc6 Rac8 18. Bf3 Rc4 19. g3 h6 20. Rxe6 fxe6 21. Qh3 Kf7 22. Re1 Qd7 23. Qf1 Rfc8 24. Qe2 Ne8 25. Bg4 R8c6 26. Ne4 Rc2 27. Qf3 Nf6 28. b4 Nxg4 29. Qxg4 Qd5 30. Nc5 Qf5 31. Qd1 g5 32. g4 Qg6 33. Bg3 R6xc5 34. bxc5 Rxc5 35. Qa4 a5 36. h3 Qc2 37. Qd7 Qc4 38. Bd6 Rc6 39. Qxe7+ Kg8 40. Bg3 Qd5 41. Qe8+ Kh7 42. Qf7 Rb6 43. a4 Rb4 44. Kh2 Rb7 45. Qe8 Qd7 46. Qa8 Rb3 47. Rc1 Qd5 48. Qxd5 exd5 49. Rc5 Bc3 50. Bc7 d4 51. Bxa5 Bxa5 52. Rxa5 d3 53. Rd5 Ra3 54. Kg2 Rxa4 55. Rxd3 Ra7 56. Rd5 Kg7 57. Rf5 Kg6 58. h4 Ra3 59. f3 Ra1 60. Rb5 Ra6 61. h5+ Kg7 62. Kf2 Re6 63. Rb4 Kf6 64. Re4 Ra6 65. Rc4 Kg7 66. Ke3 Rf6 67. Rc7+ Kg8 68. Rc5 Kg7 69. Rf5 Re6+ 70. Kd4 Re7 71. Kd5 Re3 72. Kd6 Ra3 73. Ke6 Ra6+ 74. Ke7 1/2-1/2